 Dungeon Crawl Stone Soup version 0.27-a0-1196-g3e9cee4cb2 (webtiles) character file.

Game seed: 9590696564344808191

77 mordus the Magician (level 4, -1/33 HPs)
             Began as a Djinni Fire Elementalist on May 28, 2021.
             Slain by a jelly (3 damage)
             ... on level 3 of the Dungeon.
             The game lasted 00:08:52 (3098 turns).

mordus the Magician (Djinni Fire Elementalist)      Turns: 3098, Time: 00:08:53

Health: -1/33      AC: -2    Str:  7    XL:     4   Next: 60%
Gold:   61         EV: 13    Int: 23    God:
                   SH:  0    Dex: 14

rFire    + + .     SeeInvis .   c - +1 short sword (vamp)
rCold    x . .     Faith    .   (no shield)
rNeg     . . .     Spirit   .   a - +0 robe
rPois    ∞         Reflect  .   (no helmet)
rElec    .         Harm     .   (no cloak)
rCorr    .         Rampage  .   (no gloves)
Will     .....                  (boots unavailable)
Stlth    ++........             (no amulet)
HPRegen  0.11/turn              i - +6 ring of intelligence
MPRegen  0.00/turn              (no ring)

@: corroded, flying
A: sickness immunity, fire resistance 2, cold vulnerability 1, float, innate
caster, hp casting, extra vitality 1
a: no special abilities


You were on level 3 of the Dungeon.
You visited 1 branch of the dungeon, and saw 3 of its levels.

You collected 61 gold pieces.

Inventory:

Hand Weapons
 c - a +1 vampiric short sword (weapon)
Missiles
 d - 7 curare-tipped darts
Armour
 a - a +0 robe (worn)
Jewellery
 i - a +6 ring of intelligence (left hand)
Scrolls
 e - 2 scrolls of amnesia {unknown}
 f - 3 scrolls of teleportation {unknown}
 g - a scroll of enchant weapon {unknown}
 j - a scroll of fear {unknown}
 k - a scroll of brand weapon {unknown}
 n - 2 scrolls of identify
Potions
 b - a potion of cancellation
 h - a potion of haste {unknown}
 l - 2 potions of curing {unknown}
 m - a potion of brilliance {unknown}
 o - a potion of heal wounds {unknown}


   Skills:
 + Level 1.7 Fighting
 + Level 3.0 Dodging
 - Level 1.5 Stealth
 * Level 3.2 Spellcasting


You couldn't memorise any spells.
You knew the following spells:

 Your Spells              Type           Power      Damage    Failure   Level
a - Foxfire               Conj/Fire      72%        2x1d7     3%          1
b - Conjure Flame         Conj/Fire      18%        6-21      9%          3
c - Inner Flame           Hex/Fire       18%        N/A       9%          3
d - Sticky Flame          Conj/Fire      18%        2d4       30%         4
e - Fireball              Conj/Fire      9%         3d6       63%         5
f - Sting                 Tmut/Pois      72%        1d6       3%          1
Your spell library was empty.

Dungeon Overview and Level Annotations

Branches:
Dungeon (3/15)

Altars:


Innate Abilities, Weirdness & Mutations

You are immune to sickness and miasma.
You are immune to poison.
Your flesh is very heat resistant. (rF++)
You are vulnerable to cold. (rC-)
You float through the air rather than walking.
You learn spells naturally, not from books.
Your magical power is your life essence.
You have superior vitality. (+4 HP)


Message History

The foxfire hits the jelly.
The jelly is heavily wounded.
The kobold hits you with a +0 club.
Your magical contamination has completely faded away.
Unknown command.
Casting: Foxfire (safe; 3% risk of failure)
Confirm with . or Enter, or press ? or * to list all spells.
You conjure some foxfire!
The jelly hits you. The acid corrodes you!
You are splashed with acid!
The kobold hits you with a +0 club.
Unknown command.
You hit the jelly but do no damage.
Your hands burn!
The jelly is heavily wounded.
The foxfire hits the jelly.
The jelly is heavily wounded.
The jelly closely misses you. The ball python bites you.
The ball python grabs you. The ball python constricts you.
The kobold hits you with a +0 club.
You escape the ball python's grasp.
Your foxfire dissipates!
The jelly misses you.
There is a stone staircase leading down here.
The jelly jiggles.
You are no longer corroded.
Casting: Foxfire (safe; 3% risk of failure)
Confirm with . or Enter, or press ? or * to list all spells.
You conjure some foxfire!
The jelly hits you but does no damage.
Your foxfire dissipates!
The foxfire hits the jelly.
The jelly is severely wounded.
Casting: Foxfire (safe; 3% risk of failure)
Confirm with . or Enter, or press ? or * to list all spells.
You conjure some foxfire!
The jelly hits you. The acid corrodes you!
You are splashed with acid!
* * * LOW HITPOINT WARNING * * *
The foxfire hits the jelly.
The jelly is severely wounded.
The foxfire hits the jelly.
The jelly is almost dead.
The jelly hits you.
You die...

##############
............
.........### #.
#...... .. ###.
####..#§##.####
#.#.#
#.....@........
#...
#.##.##J##.#### #..
#.##.##S##.#
#.####.##.......# #
##..#...####.####
.## ##.....>S.K...#
...##.##...#.######
..!#.###..≈###
....## #)≈≈#


You could see a jelly and a ball python.

Vanquished Creatures
  An adder (D:2)
  A dart slug (D:1)
  2 orcs
  6 ball pythons
  3 endoplasms
  5 giant cockroaches
  6 goblins
  7 hobgoblins
  3 jackals (D:2)
  3 kobolds
  A quokka (D:2)
  9 bats
  3 frilled lizards
  9 rats
59 creatures vanquished.

Vanquished Creatures (others)
  137 foxfires
  A plant (D:3)
138 creatures vanquished.

Grand Total: 197 creatures vanquished

Notes
Turn   | Place    | Note
-------+----------+-------------------------------------------
     0 | D:1      | mordus the Djinni Fire Elementalist began the quest for the
                  | Orb.
     0 | D:1      | Reached XP level 1. HP: 15/15 MP: 0/0
   464 | D:1      | Reached XP level 2. HP: 14/22 MP: 0/0
   992 | D:1      | Reached XP level 3. HP: 24/26 MP: 0/0
   992 | D:1      | Learned a level 1 spell: Sting
  1072 | D:1      | Reached skill level 1 in Fighting
  1971 | D:2      | Reached XP level 4. HP: 30/32 MP: 0/0
  3098 | D:3      | Slain by a jelly

Illustrated notes

Levels and vault maps discovered:
D:1:      nagdon_arrival_double_spiral, layout_loops_ring
D:2:      minmay_diamond_boxcup, layout_basic, minmay_misc_feat_diagonals
D:3:      layout_loops_ring, basic_ecumenical_altar, serial_bayou_pond_d,
          minmay_misc_feat_more_columns, moated_statue,
          hangedman_decor_clover_reticule

Skill      XL: |  1  2  3  4 |
---------------+-------------+-----
Fighting       | 1 |  1.7
Spellcasting   | 3 |  3.2
Dodging        | 3 |  3.0
Stealth        | |  1.5

Action                   |  1- 3 |  4- 6 || total
-------------------------+-------+-------++-------
Melee: Short sword       |    16 |    17 ||    33
 Cast: Foxfire           |    50 |    36 ||    86
  Use: Scroll            |     1 |       ||     1
 Stab: Sleeping          |       |     2 ||     2
Armor: Robe              |     3 |    10 ||    13
Dodge: Dodged            |    14 |    20 ||    34

Table legend: (Time is in decaauts)
 A = Elapsed time spent in this place.
 B = Non-inter-level travel time spent in this place.
 C = Inter-level travel time spent in this place.
 D = Time resting spent in this place.
 E = Time spent auto-exploring this place.
 F = Levels seen in this place.
 G = Mean time per level.
                   A        B        C        D        E       F      G
               +--------+--------+--------+--------+--------+-----+--------+
         Total |   3099 |   3012 |     87 |    656 |   1948 |   3 | 1033.0 |
       Dungeon |   3099 |   3012 |     87 |    656 |   1948 |   3 | 1033.0 |
               +--------+--------+--------+--------+--------+-----+--------+

Top non-repeatable levels by time:
     D:2: 1533 daAuts
     D:1: 1315 daAuts
     D:3: 251 daAuts
